Map: Paladino Terminal LE

Players

PiG

  • Race: Zerg Zerg
  • League: Grandmaster
  • Spawn Location: 9:00

A.I. 1 (Very Easy) - Winner!

  • Race: Terran Terran
  • Spawn Location: 5:00

VOD

Have the link to the VOD?

Description

Very strong 1-base all-in

Time

  • Played on: Feb. 22, 2017, 4:07 a.m.
  • Length: 3:00
Show
View Real Time Build Order
Export as new Build Order

PiG Zerg 

Build Orders: Pool Only 

Get SALT Encoding   

  12  0:01  Drone  
  13  0:09  Drone  
  14  0:27  Spawning Pool  
  13  0:30  Drone  
  14  0:36  Extractor  
  14  0:37  Drone  
  14  0:45  Overlord  
  14  0:51  Extractor  
  14  0:52  Drone  
  14  1:06  Drone  
  15  1:15  Roach Warren  
  15  1:16  Zergling x2  
  15  1:30  Overlord  
  15  1:56  Roach x2  
  15  1:57  Roach  
  21  2:07  Roach  
  23  2:17  Ravager x2  
  23  2:20  Roach  
  27  2:25  Ravager  
  27  2:29  Roach  
  30  2:41  Overlord  
Show
View Real Time Build Order
Export as new Build Order

A.I. 1 (Very Easy) Terran - Winner!

Build Orders:  

Get SALT Encoding   

  12  0:00  SCV  
  13  0:13  SCV  
  14  0:20  Supply Depot  
  14  0:39  Refinery  
  14  0:44  Barracks  
  14  1:05  Supply Depot  
  14  1:14  Refinery  
  14  1:31  Marine  
  16  1:32  SCV  
  16  1:45  SCV  
  17  1:57  SCV  
  18  2:02  Marine  
  19  2:09  SCV  
  20  2:21  SCV  
  21  2:33  SCV, Marine  
Tags
 
Matchup
TvZ
Opening
Pool Only
Player
PiG
Spawn Locations
Cross Positions
Add a new tag
Caveats
  • Supply blocks, unpowered buildings, or Contaminate may cause inaccurate times.
  • Supply counts are checked every 10 seconds.